 Dungeon Crawl Stone Soup version 0.32-a0-433-g08bcfe7 (webtiles) character file.

Game seed: 16629405039362232186

932 Nithhogg the Cleaver (level 7, -6/64 HPs)
             Began as a Mountain Dwarf Fighter on Feb 22, 2024.
             Was a Follower of Qazlal.
             Mangled by an ogre
             ... wielding a +0 giant club
              (19 damage)
             ... on level 5 of the Dungeon.
             The game lasted 00:06:10 (3964 turns).

Nithhogg the Cleaver (Mountain Dwarf Fighter)       Turns: 3964, Time: 00:06:11

Health: -6/64      AC: 16    Str: 20    XL:     7   Next: 86%
Magic:  7/7        EV:  7    Int:  9    God:    Qazlal [*.....]
Gold:   286        SH:  5    Dex:  9    Spells: 6/6 levels left

rFire   . . .        i - +3 flail (protect)
rCold   . . .        c - +0 buckler
rNeg    . . .        j - +7 chain mail {ponderous}
rPois   .            (no helmet)
rElec   .            (no cloak)
rCorr   .            (no gloves)
SInv    .            (no boots)
Will    .....        (no amulet) Stlth
                     (no ring)
HPRegen 0.30/turn    (no ring)
MPRegen 0.10/turn

%: no passive effects
@: slow
A: runic magic, artefact enchanting
a: Renounce Religion


You were on level 5 of the Dungeon.
You worshipped Qazlal.
Qazlal was aware of your devotion.
You visited 2 branches of the dungeon, and saw 6 of its levels.

You collected 286 gold pieces.

Inventory:

Hand Weapons
 a - a +0 war axe
 i - a +3 flail of protection (weapon)
 r - the +7 Throatcutter {drain, coup de grace}
   (You found it on level 3 of the Dungeon)
Missiles
 d - 9 poisoned darts
 h - 5 javelins (quivered)
Armour
 b - a +0 scale mail
 c - a +0 buckler (worn)
 j - a +7 chain mail of ponderousness (worn)
Jewellery
 f - a ring of resist corrosion
 q - a ring of protection from fire
Wands
 u - a wand of mindburst (19)
Scrolls
 e - a scroll of poison
 g - 3 scrolls of immolation
 l - 2 scrolls of teleportation
 n - a scroll of enchant weapon
 p - a scroll of revelation
 s - 2 scrolls of identify
 x - a scroll of blinking {unknown}
Potions
 k - a potion of cancellation {unknown}
 m - 4 potions of curing
 o - a potion of brilliance {unknown}
 t - 2 potions of mutation {unknown}
 v - a potion of enlightenment {unknown}
 w - a potion of degeneration {unknown}


   Skills:
 + Level 6.6 Fighting
 * Level 9.1 Axes
 - Level 3.2 Armour
 - Level 3.2 Shields


You had 6 spell levels left.
You didn't know any spells.
Your spell library contained the following spells:

 Spells                   Type           Power      Damage    Failure   Level
 Gell's Gravitas          Tloc           0%         N/A       94%         3
 Teleport Other           Tloc           0%         N/A       94%         3
 Dispersal                Tloc           0%         N/A       100%        6


Dungeon Overview and Level Annotations

Branches:
Dungeon (5/15)             Temple (1/1) D:4

Altars:
Ashenzari
Dithmenos
Elyvilon
Fedhas
Gozag
Hepliaklqana
Kikubaaqudgha
Makhleb
Nemelex Xobeh
Okawaru
Qazlal
Ru
Sif Muna
Trog
Uskayaw
Vehumet
Wu Jian
Xom
Zin
The Shining One

Shops:
D:2 [


Innate Abilities, Weirdness & Mutations

Your spellcasting is much less encumbered by armour.
You can use scrolls of enchantment on lesser artefacts.


Message History

You see here a +0 giant club.
There is a stone staircase leading up here.
There is a stone staircase leading up here.
You open the door.
There is an open door here.
You open the door.
There is an open door here.
You open the door.
There is an open door here.
Found a mace.
You open the door.
An ogre comes into view. It is wielding a +0 giant club.
There is an open door here.
An ogre is nearby!
The ogre hits you with a +0 giant club!!
You thump the ogre!
Your weapon exudes an aura of protection.
The ogre is moderately wounded.
The ogre hits you with a +0 giant club!
You are too injured to fight recklessly!
You are too injured to fight recklessly!
You are too injured to fight recklessly!
You are too injured to fight recklessly!
You are too injured to fight recklessly!
You sock the ogre!
The ogre is severely wounded.
The ogre hits you with a +0 giant club.
You barely miss the ogre.
The ogre is severely wounded.
You barely miss the ogre.
The ogre is severely wounded.
The ogre hits you with a +0 giant club.
You barely miss the ogre.
The ogre is severely wounded.
The ogre hits you with a +0 giant club!
* * * LOW HITPOINT WARNING * * *
You closely miss the ogre.
The ogre is severely wounded.
The ogre hits you with a +0 giant club!!
You die...

..........###.........#
#.........#..........#
+.........'...........
#)........#..#......##
#.......##..#......#
##.....###..#.###..#
##...## #..#.###..#
##'## #.........# #@#
##........# #.O.#
###.###### #..... #.#
.......# #.# #.#......
#.# # ##....## #.#
##..## #.# #... ..# ###


You could see an ogre.

Vanquished Creatures
  Grinder (D:3)
  An ogre (D:5)
  2 kobold brigands (D:3)
  4 bombardier beetles
  Crazy Yiuf (D:2)
  2 iguanas
  A sleepcap (D:5)
  Jessica (D:2)
  Terence (D:2)
  2 orc wizards (D:5)
  Robin (D:4)
  6 adders
  A ribbon worm (D:3)
  An orc (D:5)
  7 ball pythons
  10 endoplasms
  3 giant cockroaches
  19 goblins
  7 hobgoblins
  6 jackals (D:3)
  5 quokkas
  7 bats
  8 frilled lizards
  15 kobolds
  5 rats
117 creatures vanquished.

Notes
Turn   | Place    | Note
-------+----------+-------------------------------------------
     0 | D:1      | Nithhogg the Mountain Dwarf Fighter began the quest for the
                  | Orb.
     0 | D:1      | Reached XP level 1. HP: 19/19 MP: 1/1
    57 | D:1      | Reached skill level 3 in Axes
   124 | D:1      | Reached XP level 2. HP: 25/26 MP: 2/2
   551 | D:1      | Reached XP level 3. HP: 29/33 MP: 3/3
   821 | D:2      | Found Nuggigro's Armour Boutique.
   830 | D:2      | Reached skill level 4 in Axes
   838 | D:2      | Reached XP level 4. HP: 37/40 MP: 4/4
   859 | D:2      | Found a faded altar of an unknown god.
   871 | D:2      | Noticed Terence
   889 | D:2      | Killed Terence
  1034 | D:2      | You fall into a shaft and drop 1 floor!
  1036 | D:3      | Noticed Grinder
  1042 | D:3      | Paralysed by Grinder for 4 turns
  1053 | D:3      | Killed Grinder
  1054 | D:3      | Reached skill level 5 in Fighting
  1054 | D:3      | Reached skill level 6 in Axes
  1054 | D:3      | Reached XP level 5. HP: 22/48 MP: 5/5
  1054 | D:3      | Reached XP level 6. HP: 25/56 MP: 6/6
  1266 | D:2      | Noticed Jessica
  1278 | D:2      | Killed Jessica
  1656 | D:2      | Found a runed translucent door.
  1657 | D:2      | Noticed Crazy Yiuf
  1665 | D:2      | Killed Crazy Yiuf
  1730 | D:3      | Reached skill level 7 in Axes
  2218 | D:3      | Found the +7 Throatcutter {drain, coup de grace}
  2225 | D:3      | Reached XP level 7. HP: 39/62 MP: 7/7
  2490 | D:4      | Found a staircase to the Ecumenical Temple.
  2497 | Temple   | Entered the Ecumenical Temple
  2512 | Temple   | Became a worshipper of Qazlal Stormbringer
  2596 | D:4      | Reached skill level 8 in Axes
  2601 | D:4      | Noticed Robin
  2622 | D:4      | Killed Robin
  3298 | D:4      | Reached * piety under Qazlal
  3487 | D:5      | Entered Level 5 of the Dungeon
  3783 | D:5      | Reached skill level 9 in Axes
  3964 | D:5      | Mangled by an ogre

Illustrated notes

Levels and vault maps discovered:
D:1:      giann_horns, layout_loops_ring, columned_hall_lemuel,
          minmay_liquid_box, hangedman_abyss_or_decor_stabs, minmay_pentomino_x2
D:2:      layout_rooms, hellmonk_ecumenical_altar_blasted, serial_shops, shop,
          mrwooster_statue_mirror, kennysheep_generic_room_12, uniq_terence,
          uniq_jessica, uniq_crazy_yiuf_cottage
D:3:      layout_loops_ring, dilly_guarded_unrand_throatcut, uniq_grinder
D:4:      layout_loops_ring, minmay_temple_entry_junction, kennysheep_dice,
          uniq_robin
D:5:      layout_loops_corners, nicolae_the_louvre
Temple:   nicolae_temple_bog_church

Skill      XL: |  1  2  3  4  5  6  7 |
---------------+----------------------+-----
Axes           | 3 4 6 7 9 |  9.1
Fighting       | 4 5 6 |  6.6
Armour         | |  3.2
Shields        | |  3.2

Action                     |  1- 3 |  4- 6 |  7- 9 || total
---------------------------+-------+-------+-------++-------
  Melee: War axe           |    98 |    15 |       ||   113
         Flail             |       |   138 |   137 ||   275
    Use: Potion            |       |     2 |       ||     2
         Scroll            |       |       |     5 ||     5
 Armour: Scale mail        |    72 |     8 |       ||    80
         Chain mail        |       |   117 |   219 ||   336
  Dodge: Dodged            |    53 |    54 |    91 ||   198
  Block: Buckler           |    19 |    32 |    44 ||    95

Table legend: (Time is in decaauts)
 A = Elapsed time spent in this place.
 B = Non-inter-level travel time spent in this place.
 C = Inter-level travel time spent in this place.
 D = Time resting spent in this place.
 E = Time spent auto-exploring this place.
 F = Levels seen in this place.
 G = Mean time per level.
                   A        B        C        D        E       F      G
               +--------+--------+--------+--------+--------+-----+--------+
         Total |   4252 |   4072 |    180 |      0 |   3201 |   6 |  708.7 |
       Dungeon |   4229 |   4049 |    180 |      0 |   3201 |   5 |  845.8 |
        Temple |     22 |     22 |      0 |      0 |      0 |   1 |   22.0 |
               +--------+--------+--------+--------+--------+-----+--------+

Top non-repeatable levels by time:
     D:4: 1058 daAuts
     D:3: 1026 daAuts
     D:1: 852 daAuts
     D:2: 780 daAuts
     D:5: 513 daAuts
  Temple: 22 daAuts
